 Dungeon Crawl Stone Soup version 0.27.1-3-gb3d3a73c9e (webtiles) character file.

Game seed: 4473296278906053332

2523 Urokeeper the Basher (level 9, -7/59 HPs)
             Began as a Gargoyle Gladiator on Oct 9, 2021.
             Was a Believer of Okawaru.
             Mangled by an ogre (24 damage)
             ... on level 7 of the Dungeon.
             The game lasted 00:21:55 (7509 turns).

Urokeeper the Basher (Gargoyle Gladiator)           Turns: 7509, Time: 00:21:56

Health: -7/59      AC: 11    Str: 21    XL:     9   Next: 54%
Magic:  9/9        EV: 16    Int:  9    God:    Okawaru [**....]
Gold:   1431       SH:  0    Dex: 11    Spells: 8/8 levels left

rFire    . . .     SeeInvis .   e - +0 morningstar
rCold    . . .     Faith    .   (no shield)
rNeg     + . .     Spirit   .   b - +0 leather armour
rPois    ∞         Reflect  .   c - +0 helmet
rElec    +         Harm     .   (no cloak)
rCorr    .         Rampage  .   l - +0 pair of gloves
Will     .....                  (no boots)
Stlth    +.........             (no amulet)
HPRegen  0.19/turn              k - ring of flight
MPRegen  0.11/turn              u - +4 ring of evasion

@: about to teleport, flying
A: sickness immunity, AC +6, negative energy resistance 1, electricity
resistance, torment resistance 1, petrification resistance
a: Renounce Religion, Heroism


You were on level 7 of the Dungeon.
You worshipped Okawaru.
Okawaru was pleased with you.
You visited 2 branches of the dungeon, and saw 8 of its levels.

You collected 1431 gold pieces.

Inventory:

Hand Weapons
 a - a +0 flail
 e - a +0 morningstar (weapon)
 f - a +0 whip of venom
Missiles
 d - 2 throwing nets (quivered)
 m - 29 poisoned darts
Armour
 b - a +0 leather armour (worn)
 c - a +0 helmet (worn)
 l - a +0 pair of gloves (worn)
Jewellery
 k - a ring of flight (left hand)
 o - a ring of positive energy
 u - a +4 ring of evasion (right hand)
Wands
 v - a wand of flame (22)
Scrolls
 g - a scroll of fear
 h - 2 scrolls of teleportation
 j - a scroll of summoning
 p - a scroll of silence
Potions
 i - 2 potions of magic
 n - 5 potions of degeneration
 q - a potion of heal wounds
 r - 2 potions of curing
 s - a potion of invisibility {unknown}
 t - a potion of lignification {unknown}


   Skills:
 * Level 7.9 Fighting
 - Level 10.9 Maces & Flails
 - Level 1.7 Throwing
 - Level 2.4 Dodging


You had 8 spell levels left.
You didn't know any spells.
Your spell library contained the following spells:

 Spells                   Type           Power      Damage    Failure   Level
 Ensorcelled Hibernation  Hex/Ice        0%         N/A       56%         2
 Slow                     Hex            0%         N/A       56%         2
 Confusing Touch          Hex            0%         N/A       80%         3
 Spider Form              Tmut/Pois      0%         N/A       80%         3
 Yara's Violent Unravell  Hex/Tmut       0%         3d3       100%        5
 Shadow Creatures         Summ           N/A        N/A       100%        6


Dungeon Overview and Level Annotations

Branches:
Dungeon (7/15)             Temple (1/1) D:5

Altars:
Ashenzari
Dithmenos
Elyvilon
Fedhas
Gozag
Hepliaklqana
Kikubaaqudgha
Makhleb
Nemelex Xobeh
Okawaru
Qazlal
Ru
Sif Muna
Uskayaw
Vehumet
Wu Jian
Xom
Yredelemnul

Shops:
D:4 *!   D:7 *


Innate Abilities, Weirdness & Mutations

You are immune to sickness and miasma.
Your stone body is resilient. (AC +6)
You are immune to poison.
You resist negative energy. (rN+)
You are resistant to electric shocks. (rElec)
You are resistant to unholy torment.
You are immune to petrification.


Message History

There is an open door here.
There is an open door here.
Found a scale mail.
You see here a +0 war axe. 2 yaks and an ogre come into view.
The yak bellows!
You see here a +0 war axe.
You see here 18 bolts.
A yak comes into view.
Found 17 stones.
You closely miss the yak. The yak barely misses you.
You barely miss the yak. The yak barely misses you.
You thump the yak!
The yak is moderately wounded.
The yak gores you!
You sock the yak!
The yak is severely wounded.
You sock the yak!
The yak is moderately wounded.
You hit the yak.
The yak is moderately wounded.
The yak barely misses you.
You closely miss the yak.
The yak is moderately wounded.
The yak bellows!
The yak gores you but does no damage.
A yak comes into view.
The yak bellows!
You impale the yak!!
The yak is almost dead.
The yak gores you.
You hit the yak.
You kill the yak!
Okawaru accepts your kill.
The ogre hits you with a +0 giant spiked club!!
* * * LOW HITPOINT WARNING * * *
As you read the scroll of teleportation, it crumbles to dust.
You feel strangely unstable.
The ogre hits you with a +0 giant spiked club!!
You die...

###.##.##.# ##. ###
#...##.)..# .... ##
#.###...##O##.##...
.###.#........#.#.#...#
.##.###........(...#(.#.
...#.#.......Y###.......
.##.#>#.#....Y.Y.###...
.###.#.##...####O# ...
.# ##.####....##@# .. ##
### #.##†##.# ...
#.##.##.# #..
##########...†...# ....
#..........#..########.
#.#.
..........###.#........
.... .........##
##......... ..
.........# ##........
......##.##
##.##.####...


You could see a yak and an ogre.

Vanquished Creatures
  Sigmund (D:2)
  A yak (D:7)
  4 vampire mosquitoes (D:7)
  3 sky beasts
  2 ogres
  2 necrophages
  A phantom (D:4)
  2 bullfrogs (D:7)
  2 scorpions
  A wyvern skeleton (D:7)
  3 water moccasin skeletons
  4 wights (D:6)
  2 howler monkeys
  A bullfrog skeleton (D:4)
  A gnoll shaman (D:7)
  3 iguanas
  2 hound skeletons
  3 gnolls (D:7)
  5 adders
  A white imp (D:7)
  2 worms
  2 dart slugs
  8 orcs
  5 endoplasms
  6 giant cockroaches
  9 goblins
  9 hobgoblins
  8 kobolds
  5 quokkas
  9 ball pythons
  5 bats
  A frilled lizard (D:3)
  7 rats
120 creatures vanquished.

Notes
Turn   | Place    | Note
-------+----------+-------------------------------------------
     0 | D:1      | Urokeeper the Gargoyle Gladiator began the quest for the
                  | Orb.
     0 | D:1      | Reached XP level 1. HP: 12/12 MP: 1/1
   237 | D:1      | Reached XP level 2. HP: 17/17 MP: 2/2
   688 | D:1      | Reached skill level 4 in Maces & Flails
  1195 | D:2      | Reached XP level 3. HP: 21/21 MP: 3/3
  1202 | D:2      | Noticed Sigmund
  1330 | D:2      | Killed Sigmund
  1331 | D:2      | Reached skill level 6 in Maces & Flails
  1331 | D:2      | Reached XP level 4. HP: 19/26 MP: 4/4
  1331 | D:2      | Reached XP level 5. HP: 22/30 MP: 5/5
  1872 | D:2      | Identified a scroll of acquirement
  1874 | D:2      | Acquired 583 gold pieces
  1991 | D:2      | Reached XP level 6. HP: 34/35 MP: 6/6
  2883 | D:3      | Reached skill level 7 in Maces & Flails
  3001 | D:4      | Noticed a sky beast
  3094 | D:4      | Reached XP level 7. HP: 16/40 MP: 7/7
  3372 | D:4      | Reached skill level 8 in Maces & Flails
  3379 | D:5      | Entered Level 5 of the Dungeon
  4242 | D:4      | Found Suym Irpha's Distillery.
  4554 | D:4      | Found Murrok's General Store.
  4776 | D:5      | Acquired 572 gold pieces
  4819 | D:5      | Reached skill level 9 in Maces & Flails
  5267 | D:5      | Found a staircase to the Ecumenical Temple.
  5306 | D:5      | Reached XP level 8. HP: 37/44 MP: 8/8
  5538 | Temple   | Entered the Ecumenical Temple
  5697 | Temple   | Became a worshipper of Warmaster Okawaru
  5924 | D:6      | Noticed a troll
  5933 | D:6      | Reached skill level 10 in Maces & Flails
  6113 | D:7      | Noticed an angel
  6113 | D:7      | Found Waypuppotso's Hallowed Reliquary.
  6224 | D:6      | Reached * piety under Okawaru
  6963 | D:7      | Reached XP level 9. HP: 47/52 MP: 9/9
  6984 | D:7      | Reached skill level 5 in Fighting
  7438 | D:7      | Found a basalt altar of Yredelemnul.
  7438 | D:7      | Found a radiant altar of Vehumet.
  7506 | D:7      | Reached ** piety under Okawaru
  7509 | D:7      | Mangled by an ogre

Illustrated notes

Levels and vault maps discovered:
D:1:      minmay_arrival_four_houses, layout_basic, serial_forest,
          infiniplex_forest_end_3, infiniplex_forest_side_room,
          infiniplex_forest_clump_medium, infiniplex_forest_zigzag_1,
          infiniplex_forest_lined_room_2, infiniplex_forest_lined_room_3,
          infiniplex_forest_clump_small, infiniplex_forest_straight_1,
          minmay_hexomino_u4
D:2:      minmay_angry_zag, layout_basic, minmay_misc_feat_chi,
          minmay_fractal_squares_gapless_5, uniq_sigmund
D:3:      layout_loops_cross
D:4:      layout_rooms, serial_shops, shop, nicolae_diamond_shop, minivault_27,
          chequers_serial_rivers_micro_d
D:5:      layout_loops_corners, minmay_temple_entry_fiery
D:6:      layout_basic, uniq_crazy_yiuf_cottage
D:7:      layout_loops_cross, gammafunk_temple_overflow_elements,
          palyth_stone_intersect, nicolae_good_shop
Temple:   nicolae_temple_elliptical

Skill      XL: |  1  2  3  4  5  6  7  8  9 |
---------------+----------------------------+-----
Maces & Flails | 4 6 7 9 10 | 10.9
Fighting       | 4 7 |  7.9
Throwing       | |  1.7
Dodging        | |  2.4

Action                   |  1- 3 |  4- 6 |  7- 9 || total
-------------------------+-------+-------+-------++-------
Melee: Flail             |    69 |    47 |       ||   116
       Whip              |       |   141 |   218 ||   359
       Morningstar       |       |       |   134 ||   134
Throw: Throwing net      |     3 |       |     1 ||     4
       Dart              |       |       |     4 ||     4
  Use: Potion            |     2 |       |     3 ||     5
       Scroll            |       |     6 |     8 ||    14
Armor: Leather armour    |    28 |    60 |    78 ||   166
Dodge: Dodged            |    46 |    88 |   170 ||   304
